 Dungeon Crawl Stone Soup version 0.19.1 (webtiles) character file.

1624 Daunt the Geomancer (level 8, -5/69 HPs)
             Began as a Deep Dwarf Earth Elementalist on Dec 8, 2016.
             Was a Believer of Makhleb.
             Slain by a troll (14 damage)
             ... on level 6 of the Dungeon on Dec 9, 2016.
             The game lasted 00:41:58 (5085 turns).

Daunt the Geomancer (Deep Dwarf Earth Elementalist) Turns: 5085, Time: 00:41:59

Health: -5/69      AC:  6    Str: 11      XL:     8   Next: 65%
Magic:  12/12      EV: 14    Int: 19      God:    Makhleb [**....]
Gold:   75         SH:  0    Dex:  9 (13) Spells: 2 memorised, 11 levels left

rFire  . . .     SeeInvis .     a - +4 quarterstaff (chaos)
rCold  . . .     Gourm    .     K - +1 robe {rN+}
rNeg   + . .     Faith    .     (shield currently unavailable)
rPois  .         Spirit   .     w - +0 helmet
rElec  .         Reflect  .     h - +0 cloak
rCorr  +         Harm     .     (no gloves)
MR     +....                    G - +0 pair of boots
Stlth  ++........               l - amulet of magic regeneration
                                J - ring of resist corrosion
                                H - ring of resist corrosion

@: non-regenerating
A: damage resistance, recharge devices, low mp 1, sense surroundings 1, slow
regeneration 3
a: Device Recharging, Minor Destruction, Renounce Religion


You were on level 6 of the Dungeon.
You worshipped Makhleb.
Makhleb was pleased with you.
You were not hungry.

You visited 1 branch of the dungeon, and saw 7 of its levels.

You collected 257 gold pieces.
You spent 182 gold pieces at shops.

Inventory:

Hand Weapons
 a - a +4 quarterstaff of chaos (weapon)
 D - a +0 war axe
 L - the +2 dagger "Zueciyd" {venom, rC+}
   (You found it on level 6 of the Dungeon)

   It poisons the flesh of those it strikes.
   It protects you from cold.
Missiles
 b - 64 stones (quivered)
Armour
 h - a +0 cloak (worn)
 q - a +0 leather armour
 w - a +0 helmet (worn)
 G - a +0 pair of boots (worn)
 K - a +1 robe of positive energy (worn)
Jewellery
 l - an amulet of magic regeneration (around neck)
 H - a ring of resist corrosion (left hand)
 J - a ring of resist corrosion (right hand)
Wands
 d - a wand of heal wounds (2/9)
 I - a wand of random effects (33/48)
 M - a wand of flame (19/48)
Scrolls
 j - 2 scrolls of blinking
 k - 4 scrolls of teleportation
 m - 2 scrolls of remove curse
 n - a scroll of random uselessness {unknown}
 o - 3 scrolls of magic mapping
 r - a scroll of amnesia {unknown}
 y - a scroll of immolation
 E - a scroll of fear {unknown}
 F - 2 scrolls of enchant weapon {unknown}
Potions
 c - 4 potions of brilliance
 i - 3 potions of might
 s - 2 potions of curing
 t - a potion of magic
 x - 2 potions of invisibility
 z - a potion of resistance
 A - 2 potions of haste
 B - a potion of heal wounds
 C - a potion of ambrosia {unknown}
Books
 e - a book of Geomancy

   Spells                             Type                      Level
   a - Sandblast                      Earth                        1
   b - Passwall                       Transmutation/Earth          2
   c - Stone Arrow                    Conjuration/Earth            3
   d - Petrify                        Transmutation/Earth          4
   e - Lee's Rapid Deconstruction     Earth                        5
 g - a book of Frost

   Spells                             Type                      Level
   a - Freeze                         Ice                          1
   b - Throw Frost                    Conjuration/Ice              2
   c - Ozocubu's Armour               Charms/Ice                   3
   d - Throw Icicle                   Conjuration/Ice              4
   e - Summon Ice Beast               Ice/Summoning                4
Comestibles
 f - 2 bread rations
 p - 2 beef jerkies
 u - a royal jelly
 v - a meat ration
 N - a chunk of flesh


   Skills:
 + Level 3.5 Fighting
 + Level 4.1 Armour
 + Level 5.0 Dodging
 - Level 2.4 Stealth
 - Level 4.0 Spellcasting
   Level 0.8 Transmutations
 - Level 9.0 Earth Magic
 + Level 4.3 Evocations


You had 11 spell levels left.
You knew the following spells:

 Your Spells              Type           Power        Failure   Level  Hunger
a - Sandblast             Erth           #####.       1%          1    None
b - Stone Arrow           Conj/Erth      ###...       8%          3    ###....


Dungeon Overview and Level Annotations

Branches:
Dungeon (7/15)             Temple (0/1) D:6

Altars:
Ashenzari
Cheibriados
Elyvilon
Fedhas
Kikubaaqudgha
Makhleb
Sif Muna
Uskayaw
Yredelemnul
Zin
The Shining One

Shops:
D:5 [[*   D:6 [

Annotations:
D:7 baldghoti's ghost, novice MfGl


Innate Abilities, Weirdness & Mutations

You are resistant to damage.
You can recharge devices by infusing magical energy.
You passively map a small area around you.
You do not regenerate.
Your magical capacity is low. (-10% MP)


Message History

The quasit claws you but does no damage. x2
The quasit barely misses you. The quasit claws you.
* * * LOW HITPOINT WARNING * * *
You feel clumsy. The quasit closely misses you.
A hound zombie comes into view.
A troll comes into view.
The troll shouts!
The quasit closely misses you.
The quasit claws you but does no damage.
The quasit misses you.
The jelly jiggles.
The quasit bites you but does no damage.
The quasit claws you but does no damage.
The quasit completely misses you.
The quasit bites you but does no damage.
The quasit claws you but does no damage.
The quasit closely misses you. The troll bites you!
You die...

##..............#...#.......
#<................#.#..####.
#................#).#....##.
#..................#####.##.
#..................##.......
#............J............##
#...........h........####...
##>.......T5.).#####.# ##.##
##....Z#..@..## #.###..>.
#########.### #........
####.....# ####.....
##.......## #..... #..##..###
#####..... ###.###)##
######....)....
###...##..######.........##...
#................##..#########
########.##########.## ##.


You could see a troll, a jelly, a quasit and a jackal.

Vanquished Creatures
  A sky beast (D:5)
  2 phantoms (D:4)
  2 ogres
  A bullfrog (D:6)
  2 scorpions
  The ghost of Spectrina the Ruffian, a weakling DrWr (D:4)
  The ghost of Spectrina the Ruffian, a weakling DrWr (D:3)
  A howler monkey (D:5)
  3 crimson imps (D:6)
  A bullfrog zombie (D:5)
  2 jellies
  A gnoll shaman (D:5)
  A hound (D:5)
  An orc priest (D:3)
  Crazy Yiuf (D:3)
  An iguana (D:5)
  4 orc wizards
  6 worker ants
  A hound zombie (D:6)
  A worker ant zombie (D:5)
  7 adders
  12 gnolls
  An ooze (D:3)
  An adder skeleton (D:5)
  A worm (D:3)
  2 dart slugs
  2 leopard geckos
  18 orcs
  4 giant cockroaches
  5 goblins (D:1)
  7 hobgoblins
  12 jackals
  4 quokkas
  A bat (D:2)
  7 frilled lizards
  4 kobolds
  A leopard gecko skeleton (D:6)
  3 rats
126 creatures vanquished.

Notes
Turn   | Place    | Note
-------+----------+-------------------------------------------
     0 | D:1      | Daunt the Deep Dwarf Earth Elementalist began the quest for the Orb.
     0 | D:1      | Reached XP level 1. HP: 15/15 MP: 3/3
   307 | D:1      | Reached XP level 2. HP: 22/22 MP: 1/5
   819 | D:2      | Found a white marble altar of Elyvilon.
  1220 | D:2      | Reached skill level 5 in Earth Magic
  1220 | D:2      | Reached XP level 3. HP: 15/28 MP: 3/6
  1239 | D:2      | Found a glowing golden altar of the Shining One.
  1239 | D:2      | Found a faded altar of an unknown god.
  1251 | D:2      | Found a blossoming altar of Fedhas.
  1257 | D:2      | Found a glowing silver altar of Zin.
  1259 | D:2      | Found a deep blue altar of Sif Muna.
  1360 | D:3      | Found a runed door.
  1510 | D:3      | Found a basalt altar of Yredelemnul.
  1510 | D:3      | Found an ancient bone altar of Kikubaaqudgha.
  1510 | D:3      | Found a hide-covered altar of Uskayaw.
  1510 | D:3      | Found a burning altar of Makhleb.
  1551 | D:3      | Reached XP level 4. HP: 14/36 MP: 2/7
  1644 | D:3      | Noticed Spectrina's ghost (weakling DrWr)
  1659 | D:3      | Reached skill level 6 in Earth Magic
  1661 | D:3      | Reached XP level 5. HP: 20/42 MP: 3/9
  1872 | D:3      | Became a worshipper of Makhleb the Destroyer
  2188 | D:3      | Killed Spectrina's ghost
  2188 | D:3      | Reached skill level 7 in Earth Magic
  2262 | D:3      | Noticed Crazy Yiuf
  2266 | D:3      | Killed Crazy Yiuf
  2392 | D:4      | Found a snail-covered altar of Cheibriados.
  2406 | D:4      | Noticed a phantom
  2408 | D:4      | Reached XP level 6. HP: 49/49 MP: 7/10
  2424 | D:4      | Reached skill level 8 in Earth Magic
  2500 | D:4      | Noticed Spectrina's ghost (weakling DrWr)
  2587 | D:4      | Learned a level 3 spell: Stone Arrow
  2863 | D:4      | Killed Spectrina's ghost
  2916 | D:4      | Reached skill level 9 in Earth Magic
  2916 | D:4      | Reached XP level 7. HP: 30/55 MP: 9/12
  3213 | D:5      | Entered Level 5 of the Dungeon
  3220 | D:5      | Found Aclunum's Assorted Antiques.
  3234 | D:5      | Reached skill level 1 in Fighting
  3234 | D:5      | Reached skill level 1 in Armour
  3385 | D:5      | Reached * piety under Makhleb
  3404 | D:5      | Reached skill level 1 in Evocations
  3702 | D:5      | Reached XP level 8. HP: 49/68 MP: 8/14
  3763 | D:5      | Found Heschazi's Antique Armour Shoppe.
  3764 | D:5      | Found Xynnigh's Antique Armour Emporium.
  3779 | D:5      | Bought a bloodstained robe for 182 gold pieces
  3789 | D:5      | Identified the cursed -5 robe of Misfortune {-Cast *Contam *Tele *Drain EV-5 Stlth-- *Curse} (You bought it in a shop on level 5 of the Dungeon)
  3804 | D:5      | Gained mutation: Your magical capacity is low. (-10% MP) [mutagenic glow]
  4128 | D:6      | Got a steaming dagger
  4140 | D:6      | Identified the cursed +2 dagger "Zueciyd" {venom, rC+} (You found it on level 6 of the Dungeon)
  4144 | D:6      | Found a staircase to the Ecumenical Temple.
  4162 | D:6      | Reached ** piety under Makhleb
  4293 | D:6      | Found a shattered altar of Ashenzari.
  4361 | D:6      | Found Reanapn's Armour Shop.
  4854 | D:6      | Reached skill level 5 in Dodging
  4985 | D:7      | Noticed baldghoti's ghost (novice MfGl)
  5077 | D:6      | Noticed a troll
  5085 | D:6      | Slain by a troll

Skill      XL: |  1  2  3  4  5  6  7  8 |
---------------+-------------------------+-----
Spellcasting   | 2 3 4 |  4.0
Earth Magic    | 5 6 7 9 |  9.0
Fighting       | 2 3 |  3.5
Armour         | 2 4 |  4.1
Dodging        | 3 5 |  5.0
Evocations     | 2 4 |  4.3
Stealth        | |  2.4
Transmutations | |  0.8

Action                   |  1- 3 |  4- 6 |  7- 9 || total
-------------------------+-------+-------+-------++-------
Melee: Club              |     6 |       |       ||     6
       Quarterstaff      |       |       |     5 ||     5
 Cast: Sandblast         |    53 |    78 |   266 ||   397
Evoke: Wand              |       |     2 |     1 ||     3
  Use: Scroll            |     2 |     6 |     9 ||    17
  Eat: Chunk             |     2 |     5 |     6 ||    13
Armor: Robe              |     8 |       |    38 ||    46
       Leather armour    |       |    15 |    33 ||    48
Dodge: Dodged            |    14 |    20 |   155 ||   189
